 Dungeon Crawl Stone Soup version 0.31-a0-236-g9a0961fb85 (webtiles) character file.

Game seed: 11190810063370511064

45285 qw the Marksgargoyle (level 14, -2/92 HPs)
             Began as a Gargoyle Hexslinger on July 10, 2023.
             Was an Elder of Okawaru.
             Slain by a death yak (17 damage)
             ... on level 5 of the Lair of Beasts.
             The game lasted 00:06:00 (13970 turns).

qw the Marksgargoyle (Gargoyle Hexslinger)         Turns: 13970, Time: 00:06:01

Health: -2/92      AC: 25    Str: 15    XL:     14   Next: 32%
Magic:  19/21      EV: 22    Int: 20    God:    Okawaru [****..]
Gold:   523        SH:  0    Dex: 16    Spells: 14/15 levels left

rFire   + . .        i - +3 longbow (elec)
rCold   + . .        (shield currently unavailable)
rNeg    + + .        x - +2 leather armour "Icsyij" {rC+ rCorr}
rPois   inf          g - +1 helmet
rElec   +            w - +1 cloak of the Okapi {rN+ Str-4 Int+6}
rCorr   +            u - +1 pair of gloves
SInv    .            k - +0 pair of boots
Will    +....        h - amulet of faith
Stlth   +++          y - +6 ring of strength
HPRegen 0.35/turn    o - +5 ring of evasion
MPRegen 0.17/turn

%: faith
@: about to teleport, heroic, flying
A: sickness immunity, AC +10, big wings, negative energy resistance 1,
electricity resistance, torment resistance 1, petrification resistance, fire
resistance 1, passive freeze
a: Renounce Religion, Heroism, Finesse


You were on level 5 of the Lair of Beasts.
You worshipped Okawaru.
Okawaru was greatly pleased with you.
You visited 3 branches of the dungeon, and saw 16 of its levels.
You also visited: Sewer.

You collected 1062 gold pieces.
You spent 539 gold pieces at shops.


Innate Abilities, Weirdness & Mutations

You are immune to sickness and miasma.
Your stone body is resilient. (AC +10)
You are immune to poison.
Your large and strong wings let you fly.
You resist negative energy. (rN+)
You are resistant to electric shocks. (rElec)
You are resistant to unholy torment.
You are immune to petrification.
Your flesh is heat resistant. (rF+)
A frigid envelope surrounds you and freezes all who hurt you.


   Skills:
 - Level 12.0(17.0) Fighting
 + Level 18.0(23.0) Ranged Weapons
 - Level 6.0(11.0) Armour
 - Level 6.0(11.0) Dodging
 - Level 1.0 Spellcasting
 - Level 2.6 Hexes
 - Level 10.0 Invocations


You had 14 spell levels left.
You knew the following spells:

 Your Spells              Type           Power      Damage    Failure   Level
a - Slow                  Hex            44%        N/A       7%          1

Your spell library contained the following spells:

 Spells                   Type           Power      Damage    Failure   Level
 Inner Flame              Hex/Fire       6%         N/A       34%         3
 Portal Projectile        Hex/Tloc       12%        N/A       34%         3
 Cause Fear               Hex            5%         N/A       54%         4

Inventory:

Hand Weapons
 i - a +3 longbow of electrocution (weapon)
 s - the +6 hand crossbow of the Sharing Soothsayer {freeze, Fly rF++ Will+}
   (You acquired it on level 4 of the Dungeon)

   rF:        It greatly protects you from fire.
   Fly:       It grants you flight.
   Will:      It increases your willpower.
Armour
 g - a +1 helmet (worn)
 k - a +0 pair of boots (worn)
 p - a +3 ring mail of poison resistance
 t - the +1 robe "Ytriwk" {Fly rN+ rCorr Dex+2}
   (You bought it in a shop on level 8 of the Dungeon)

   Dex:       It affects your dexterity (+2).
   rN:        It protects you from negative energy.
   Fly:       It grants you flight.
   rCorr:     It protects you from acid and corrosion.
 u - a +1 pair of gloves (worn)
 w - the +1 cloak of the Okapi (worn) {rN+ Str-4 Int+6}
   (You found it on level 4 of the Lair of Beasts)

   Str:       It affects your strength (-4).
   Int:       It affects your intelligence (+6).
   rN:        It protects you from negative energy.
 x - the +2 leather armour "Icsyij" (worn) {rC+ rCorr}
   (You bought it in a shop on level 9 of the Dungeon)

   rC:        It protects you from cold.
   rCorr:     It protects you from acid and corrosion.
 z - a +2 helmet of intelligence
Jewellery
 h - an amulet of faith (around neck)
 n - a ring of ice
 o - a +5 ring of evasion (right hand)
 y - a +6 ring of strength (left hand)
Wands
 f - a wand of digging (8)
Scrolls
 d - 4 scrolls of identify
 r - 5 scrolls of teleportation
Potions
 a - 3 potions of mutation
 b - 2 potions of haste
 c - 2 potions of heal wounds
 e - 5 potions of curing
 j - a potion of might
 l - a potion of magic
 m - a potion of resistance
 q - a potion of cancellation

Dungeon Overview and Level Annotations

Branches:
Dungeon (10/15)            Temple (1/1) D:7            Lair (5/5) D:10
 Shoals (0/4) Lair:2       Spider (0/4) Lair:2        Slime (0/5) Lair:4
    Orc (0/2) D:9           Sewer (visited)

Altars:
Ashenzari
Cheibriados
Dithmenos
Elyvilon
Fedhas
Gozag
Hepliaklqana
Kikubaaqudgha
Makhleb
Nemelex Xobeh
Okawaru
Qazlal
Ru
Sif Muna
Trog
Uskayaw
Vehumet
Wu Jian
Xom
Yredelemnul
Zin
The Shining One

Shops:
D:8 [(   D:9 [

Annotations:
D:6 1 runed translucent door, Crazy Yiuf
D:7 1 transporter


Message History

The death yak barely misses you. The death yak gores you.
The death yak is very cold.
The death yak is lightly wounded.
The death yak barely misses you.
You shoot an arrow. The arrow hits the death yak!
The death yak is heavily wounded.
The yak closely misses you. The death yak gores you!
The death yak is very cold.
The death yak is lightly wounded.
The death yak gores you but does no damage.
The death yak is very cold.
The death yak is lightly wounded.
The death yak completely misses you.
You shoot an arrow. The arrow hits the death yak.
The death yak is heavily wounded.
You shoot an arrow.
The arrow hits the death yak but does no damage.
The death yak is heavily wounded.
The yak gores you!
The yak is very cold.
The yak is moderately wounded.
The death yak gores you but does no damage.
The death yak is very cold.
The death yak is lightly wounded.
The death yak gores you but does no damage.
The death yak is very cold.
The death yak is moderately wounded.
The death yak closely misses you.
You shoot an arrow.
The arrow hits the death yak but does no damage.
Lightning courses through the death yak!!
The death yak is severely wounded.
The yak gores you.
The yak is very cold.
The yak is heavily wounded.
The death yak gores you!
The death yak is very cold.
The death yak is lightly wounded.
The death yak barely misses you. The death yak completely misses you.
13970 ||| READING 6 scrolls of teleportation.
As you read the scroll of teleportation, it crumbles to dust.
You feel strangely unstable. The yak misses you.
The death yak barely misses you. The death yak gores you!
You die...

................(........
....#....#.#...).#.#.....
#....####....####.##..
.###....#.###....##.#.###
P..........#..........# #
......................#
........................#
.../.._YY#########.....##
###...YY@# ####.######
#.....#Y# ####.#..# ##
........YY ........## #.
........... ........# #.
...................#####
...##.##.... #....#.##
..#####...### ##.....##
#.#YY..#.## #......##
##..%.........#......#


You could see 4 death yaks and 3 yaks.

Vanquished Creatures
  3 hydras
  2 boulder beetles
  14 death yaks
  A lindwurm (Lair:4)
  A harpy (D:9)
  A wolf spider (D:9)
  An ugly thing (D:9)
  An oklob plant (Lair:5)
  4 black mambas
  Joseph (D:8)
  24 elephants
  A torpor snail (Lair:2)
  7 cane toads
  A gargoyle (D:10)
  Psyche (D:9)
  A rime drake (Lair:5)
  7 komodo dragons
  An efreet (D:10)
  2 polar bears
  2 trolls (D:9)
  A merfolk (Lair:2)
  Grinder (D:3)
  A queen bee (shapeshifter) (D:9)
  2 hornets (D:9)
  16 blink frogs
  A jumping spider (Lair:2)
  Sigmund (D:6)
  2 wraiths
  A shadow (D:9)
  14 yaks
  4 wyverns
  Eustachio (D:4)
  A basilisk (Lair:2)
  6 humans (D:8)
  4 vampire mosquitoes (D:10)
  A redback (Lair:2)
  3 acid dragons
  Edmund (D:4)
  13 water moccasins
  Duvessa (D:4)
  3 orc warriors
  2 ice beasts
  A sky beast (D:7)
  6 black bears
  An ogre (D:4)
  3 boggarts (Lair:4)
  2 centaurs (D:9)
  7 wolves
  A phantom (D:5)
  3 kobold brigands
  Blork the orc (D:4)
  2 gnoll sergeants
  13 bullfrogs
  A scorpion (D:6)
  4 wights (D:5)
  Dowan (D:4)
  12 killer bees
  2 howler monkeys
  3 electric eels
  4 hounds
  4 jellies
  3 orc priests
  4 gnoll boudas
  5 iguanas
  Terence (D:3)
  8 orc wizards
  A centaur simulacrum (D:9)
  A mummy (D:5)
  Robin (D:3)
  24 gnolls
  10 adders
  3 river rats
  A white imp (D:8)
  2 ufetubi (D:5)
  2 worms
  3 dart slugs
  30 orcs
  12 ball pythons
  7 bats
  10 endoplasms
  3 giant cockroaches
  17 goblins
  10 hobgoblins
  7 jackals
  3 quokkas
  6 frilled lizards
  17 kobolds
  6 rats
424 creatures vanquished.

Vanquished Creatures (others)
  A boggart (Lair:4)
1 creature vanquished.

Grand Total: 425 creatures vanquished

Notes
Turn   | Place    | Note
-------+----------+-------------------------------------------
     0 | D:1      | qw the Gargoyle Hexslinger began the quest for the Orb.
     0 | D:1      | Reached XP level 1. HP: 12/12 MP: 2/2
     0 | D:1      | 0 ||| qw: Version: 0.3-a-52-g30416fa
     0 | D:1      | 0 ||| qw: Game counter: 4832
     0 | D:1      | 0 ||| qw: Melee chars always use a shield: true
     0 | D:1      | 0 ||| qw: God list: Okawaru
     0 | D:1      | 0 ||| qw: Allow faded altars: false
     0 | D:1      | 0 ||| qw: Do Orc after clearing Dungeon:15 true
     0 | D:1      | 0 ||| qw: Do second Lair branch before Depths: true
     0 | D:1      | 0 ||| qw: Lair rune preference: random
     0 | D:1      | 0 ||| qw: Goals: Normal
     0 | D:1      | 0 ||| PLANNING D:1-11
   252 | D:1      | Reached XP level 2. HP: 16/16 MP: 3/3
   310 | D:1      | Reached skill level 3 in Ranged Weapons
   682 | D:1      | 682 ||| UPGRADING to +0 leather armour.
   692 | D:1      | 692 ||| DROPPING +0 robe.
   693 | D:1      | 693 ||| UPGRADING to +0 ring mail.
   703 | D:1      | 703 ||| DROPPING +0 leather armour.
   704 | D:1      | 704 ||| UPGRADING to +0 pair of boots.
   709 | D:1      | 709 ||| READING scroll labelled YVANOE JAPRUU.
   710 | D:1      | 710 ||| READING 2 scrolls labelled IMPETRURRYA.
   711 | D:1      | 711 ||| READING scroll of enchant weapon.
   711 | D:1      | 711 ||| ENCHANTING +2 sling.
   712 | D:1      | 712 ||| READING 2 scrolls labelled FARCHO ONKUL.
   713 | D:1      | 713 ||| READING scroll labelled YGAERY XYZE.
   723 | D:1      | 723 ||| READING scroll labelled PEOSI FAUPTAI.
   724 | D:1      | 724 ||| DROPPING scroll of poison.
   725 | D:1      | 725 ||| DROPPING scroll of immolation.
   739 | D:2      | Reached XP level 3. HP: 21/21 MP: 4/4
   742 | D:2      | 742 ||| STAIRDANCE
   891 | D:2      | Reached skill level 1 in Armour
   919 | D:2      | Found a blossoming altar of Fedhas.
  1357 | D:2      | Reached XP level 4. HP: 26/26 MP: 5/5
  1529 | D:2      | 1529 ||| READING scroll labelled NIHIKIETHRE.
  1529 | D:2      | Identified a scroll of acquirement
  1529 | D:2      | 1529 ||| ACQUIRING +1 longbow of electrocution
  1529 | D:2      | Acquired a +1 longbow of electrocution
  1531 | D:2      | 1531 ||| SWAPPING to +1 longbow of electrocution.
  1532 | D:2      | 1532 ||| DROPPING +3 sling.
  1533 | D:2      | 1533 ||| READING scroll labelled DUGAXA WIHIYL.
  1534 | D:2      | 1534 ||| DRINKING 2 blue potions.
  1535 | D:2      | 1535 ||| DRINKING 2 black potions.
  1592 | D:3      | 1592 ||| PLANNING SEWER
  1609 | D:3      | 1609 ||| DRINKING potion of curing.
  1609 | D:3      | 1609 ||| (to cure confusion)
  1612 | D:3      | Reached skill level 4 in Ranged Weapons
  1619 | D:3      | Reached XP level 5. HP: 25/30 MP: 6/6
  1641 | D:3      | 1641 ||| READING scroll of enchant weapon.
  1641 | D:3      | 1641 ||| ENCHANTING +1 longbow of electrocution.
  1715 | D:3      | Noticed Grinder
  1716 | D:3      | Noticed Terence
  1723 | D:3      | Killed Grinder
  1724 | D:3      | Reached skill level 6 in Ranged Weapons
  1724 | D:3      | Reached XP level 6. HP: 35/35 MP: 7/7
  1725 | D:3      | Killed Terence
  1757 | D:3      | Found a glowing drain.
  1775 | Sewer    | Entered a sewer
  1817 | Sewer    | 1817 ||| Stepping ~*~*~tactically~*~*~ (water).
  1820 | Sewer    | 1820 ||| Stepping ~*~*~tactically~*~*~ (water).
  1829 | Sewer    | Reached skill level 3 in Fighting
  1992 | Sewer    | Reached XP level 7. HP: 43/43 MP: 8/8
  2001 | Sewer    | 2001 ||| Stepping ~*~*~tactically~*~*~ (water).
  2376 | Sewer    | 2376 ||| DRINKING 2 clear potions.
  2376 | Sewer    | Gained mutation: A frigid envelope surrounds you and
                  | freezes all who hurt you. [potion of mutation]
  2376 | Sewer    | Gained mutation: Your flesh is heat resistant. (rF+)
                  | [potion of mutation]
  2383 | D:3      | 2383 ||| PLANNING D:1-11
  2405 | D:3      | Found an ancient bone altar of Kikubaaqudgha.
  2500 | D:3      | Noticed Robin
  2507 | D:3      | Reached skill level 7 in Ranged Weapons
  2510 | D:3      | Killed Robin
  2673 | D:3      | Found a faded altar of an unknown god.
  2789 | D:3      | Found a sacrificial altar of Ru.
  2934 | D:3      | 2934 ||| UPGRADING to +1 helmet.
  2992 | D:4      | Noticed Dowan
  2997 | D:4      | Killed Dowan
  3016 | D:4      | Noticed Duvessa
  3022 | D:4      | Killed Duvessa
  3023 | D:4      | Reached XP level 8. HP: 26/48 MP: 9/9
  3124 | D:4      | Reached skill level 8 in Ranged Weapons
  3265 | D:4      | Noticed Eustachio
  3273 | D:4      | Killed Eustachio
  3366 | D:4      | Found a bloodstained altar of Trog.
  3386 | D:4      | Noticed Blork the orc
  3389 | D:4      | Killed Blork the orc
  3390 | D:4      | Noticed Edmund
  3394 | D:4      | Killed Edmund
  3431 | D:4      | 3431 ||| READING scroll of acquirement.
  3431 | D:4      | 3431 ||| ACQUIRING +6 hand crossbow of the Sharing
                  | Soothsayer {freeze, Fly rF++ Will+}
  3431 | D:4      | Acquired the +6 hand crossbow of the Sharing Soothsayer
                  | {freeze, Fly rF++ Will+}
  3433 | D:4      | 3433 ||| SWAPPING to +6 hand crossbow of the Sharing
                  | Soothsayer {freeze, Fly rF++ Will+}.
  3828 | D:4      | 3828 ||| UPGRADING to +1 robe of willpower.
  3838 | D:4      | 3838 ||| DROPPING +0 ring mail.
  3839 | D:4      | 3839 ||| UPGRADING to +3 ring mail of poison resistance.
  3849 | D:4      | 3849 ||| DROPPING +1 robe of willpower.
  3850 | D:4      | 3850 ||| UPGRADING to ring of ice.
  3851 | D:4      | 3851 ||| UPGRADING to +5 ring of evasion.
  3852 | D:4      | 3852 ||| READING 2 scrolls labelled PEAPEA SOZOPN.
  3855 | D:4      | 3855 ||| READING scroll labelled NURIZY HAZURREO.
  3856 | D:4      | 3856 ||| DRINKING 2 viscous blue potions.
  3857 | D:4      | 3857 ||| READING 2 scrolls of identify.
  3857 | D:4      | 3857 ||| IDENTIFYING metallic yellow potion
  3858 | D:4      | 3858 ||| DROPPING potion of ambrosia.
  3879 | D:5      | Entered Level 5 of the Dungeon
  3880 | D:5      | 3880 ||| PLANNING OSSUARY
  3991 | D:5      | Reached skill level 9 in Ranged Weapons
  4064 | D:5      | Reached skill level 6 in Fighting
  4166 | D:5      | Reached XP level 9. HP: 55/55 MP: 10/10
  4350 | D:5      | Reached skill level 10 in Ranged Weapons
  4610 | D:5      | 4610 ||| RIP OSSUARY
  4673 | D:5      | 4673 ||| PLANNING D:1-11
  4755 | D:5      | Reached skill level 3 in Armour
  4871 | D:5      | 4871 ||| DROPPING ring of wizardry.
  4872 | D:5      | 4872 ||| READING scroll labelled WOIROG TYRI.
  4873 | D:5      | 4873 ||| DRINKING 2 inky potions.
  4874 | D:5      | 4874 ||| READING 2 scrolls of identify.
  4874 | D:5      | 4874 ||| IDENTIFYING metallic sapphire potion
  4875 | D:5      | 4875 ||| DROPPING potion of brilliance.
  4876 | D:5      | 4876 ||| DROPPING potion of invisibility.
  4945 | D:6      | Noticed Sigmund
  4947 | D:6      | Killed Sigmund
  5007 | D:6      | Found a runed translucent door.
  5008 | D:6      | Noticed Crazy Yiuf
  5153 | D:6      | Found a burning altar of Makhleb.
  5187 | D:6      | 5187 ||| Stepping ~*~*~tactically~*~*~ (outnumbered).
  5189 | D:6      | 5189 ||| Stepping ~*~*~tactically~*~*~ (outnumbered).
  5197 | D:6      | 5197 ||| FLEEEEING.
  5198 | D:6      | 5198 ||| FLEEEEING.
  5199 | D:6      | 5199 ||| FLEEEEING.
  5200 | D:6      | 5200 ||| FLEEEEING.
  5331 | D:6      | Found a shimmering altar of Xom.
  5535 | D:7      | Reached skill level 11 in Ranged Weapons
  5648 | D:7      | Found a staircase to the Ecumenical Temple.
  5649 | D:7      | 5649 ||| PLANNING TEMPLE
  5649 | D:7      | 5649 ||| DRINKING 2 emerald potions.
  5650 | D:7      | 5650 ||| DROPPING potion of magic.
  5656 | Temple   | Entered the Ecumenical Temple
  5681 | Temple   | 5681 ||| PLANNING OKAWARU WORSHIP
  5756 | Temple   | Became a worshipper of Warmaster Okawaru
  5757 | Temple   | 5757 ||| PLANNING D:1-11
  5793 | D:7      | 5793 ||| Stepping ~*~*~tactically~*~*~ (outnumbered).
  5794 | D:7      | 5794 ||| Stepping ~*~*~tactically~*~*~ (outnumbered).
  5802 | D:7      | Reached skill level 3 in Dodging
  5824 | D:7      | 5824 ||| FLEEEEING.
  5828 | D:7      | 5828 ||| FLEEEEING.
  5829 | D:7      | 5829 ||| FLEEEEING.
  5830 | D:7      | 5830 ||| FLEEEEING.
  5837 | D:7      | 5837 ||| FLEEEEING.
  5838 | D:7      | 5838 ||| FLEEEEING.
  5839 | D:7      | 5839 ||| FLEEEEING.
  5840 | D:7      | 5840 ||| FLEEEEING.
  5841 | D:7      | 5841 ||| FLEEEEING.
  5842 | D:7      | 5842 ||| FLEEEEING.
  5843 | D:7      | 5843 ||| FLEEEEING.
  5844 | D:7      | 5844 ||| FLEEEEING.
  5845 | D:7      | 5845 ||| FLEEEEING.
  5856 | D:7      | Reached XP level 10. HP: 49/64 MP: 11/11
  5865 | D:7      | 5865 ||| FLEEEEING.
  5866 | D:7      | 5866 ||| STAIRDANCE
  6009 | D:7      | Reached * piety under Okawaru
  6051 | D:7      | 6051 ||| INVOKING Heroism.
  6228 | D:7      | Noticed a cyclops
  6229 | D:7      | Found a sparkling altar of Nemelex Xobeh.
  6229 | D:7      | Found a transporter.
  6349 | D:7      | 6349 ||| DRINKING 3 bubbling red potions.
  6385 | D:7      | 6385 ||| DROPPING 2 potions of lignification.
  6412 | D:8      | Reached skill level 1 in Invocations
  6414 | D:8      | 6414 ||| Stepping ~*~*~tactically~*~*~ (outnumbered).
  6534 | D:8      | 6534 ||| INVOKING Heroism.
  6537 | D:8      | Reached skill level 3 in Invocations
  6546 | D:8      | Reached skill level 12 in Ranged Weapons
  6583 | D:8      | You are sucked into a shaft and drop 1 floor!
  6591 | D:9      | Noticed a boulder beetle
  6592 | D:9      | 6592 ||| INVOKING Heroism.
  6600 | D:9      | Killed a boulder beetle
  6600 | D:9      | Reached ** piety under Okawaru
  6714 | D:9      | Noticed Psyche
  6715 | D:9      | 6715 ||| INVOKING Heroism.
  6722 | D:9      | Killed Psyche
  6753 | D:9      | 6753 ||| INVOKING Heroism.
  6801 | D:9      | Reached skill level 13 in Ranged Weapons
  6815 | D:9      | Reached XP level 11. HP: 57/68 MP: 14/14
  6816 | D:9      | Reached *** piety under Okawaru
  6832 | D:9      | Noticed a harpy
  6835 | D:9      | Killed a harpy
  6835 | D:9      | Noticed a purple ugly thing
  6836 | D:9      | Reached skill level 9 in Fighting
  6844 | D:9      | Killed a purple ugly thing
  6886 | D:9      | Found a staircase to the Orcish Mines.
  6933 | D:9      | 6933 ||| READING 2 scrolls of identify.
  6933 | D:9      | 6933 ||| IDENTIFYING smoky sapphire potion
  6943 | D:8      | Noticed Joseph
  6946 | D:8      | 6946 ||| FLEEEEING.
  6947 | D:8      | 6947 ||| FLEEEEING.
  6948 | D:8      | 6948 ||| FLEEEEING.
  6949 | D:8      | 6949 ||| FLEEEEING.
  6952 | D:8      | 6952 ||| FLEEEEING.
  6953 | D:8      | 6953 ||| FLEEEEING.
  6960 | D:8      | 6960 ||| FLEEEEING.
  6961 | D:8      | 6961 ||| FLEEEEING.
  6962 | D:8      | 6962 ||| FLEEEEING.
  6963 | D:8      | 6963 ||| FLEEEEING.
  6964 | D:8      | 6964 ||| FLEEEEING.
  6965 | D:8      | 6965 ||| FLEEEEING.
  6967 | D:8      | 6967 ||| FLEEEEING.
  6968 | D:8      | 6968 ||| FLEEEEING.
  6981 | D:8      | 6981 ||| FLEEEEING.
  6982 | D:8      | 6982 ||| FLEEEEING.
  6983 | D:8      | 6983 ||| FLEEEEING.
  6984 | D:8      | 6984 ||| FLEEEEING.
  6985 | D:8      | 6985 ||| FLEEEEING.
  6995 | D:8      | 6995 ||| FLEEEEING.
  6996 | D:8      | 6996 ||| FLEEEEING.
  6997 | D:8      | 6997 ||| FLEEEEING.
  6998 | D:8      | 6998 ||| FLEEEEING.
  6999 | D:8      | 6999 ||| FLEEEEING.
  7000 | D:8      | 7000 ||| FLEEEEING.
  7001 | D:8      | 7001 ||| FLEEEEING.
  7002 | D:8      | 7002 ||| FLEEEEING.
  7003 | D:8      | 7003 ||| FLEEEEING.
  7004 | D:8      | 7004 ||| FLEEEEING.
  7005 | D:8      | 7005 ||| FLEEEEING.
  7006 | D:8      | 7006 ||| FLEEEEING.
  7007 | D:8      | 7007 ||| FLEEEEING.
  7010 | D:8      | 7010 ||| FLEEEEING.
  7012 | D:8      | 7012 ||| FLEEEEING.
  7013 | D:8      | 7013 ||| FLEEEEING.
  7014 | D:8      | 7014 ||| FLEEEEING.
  7015 | D:8      | 7015 ||| FLEEEEING.
  7022 | D:8      | 7022 ||| FLEEEEING.
  7029 | D:8      | 7029 ||| FLEEEEING.
  7030 | D:8      | 7030 ||| FLEEEEING.
  7037 | D:8      | Killed Joseph
  7075 | D:8      | Reached **** piety under Okawaru
  7228 | D:8      | 7228 ||| Stepping ~*~*~tactically~*~*~ (outnumbered).
  7230 | D:8      | 7230 ||| Stepping ~*~*~tactically~*~*~ (outnumbered).
  7232 | D:8      | 7232 ||| Stepping ~*~*~tactically~*~*~ (outnumbered).
  7374 | D:8      | Found Zuoqunoe's Antique Armour Shoppe.
  7381 | D:8      | 7381 ||| BUYING distressingly furry robe (165 gold).
  7381 | D:8      | Bought a distressingly furry robe for 165 gold pieces
  7381 | D:8      | Identified the +1 robe "Ytriwk" {Fly rN+ rCorr Dex+2} (You
                  | bought it in a shop on level 8 of the Dungeon)
  7501 | D:8      | Found Hetuvocs's Antique Weapon Shoppe.
  8056 | D:8      | 8056 ||| UPGRADING to +0 pair of gloves.
  8061 | D:8      | 8061 ||| READING scroll labelled FOKAUT ESKOPAE.
  8202 | D:9      | 8202 ||| Stepping ~*~*~tactically~*~*~ (outnumbered).
  8204 | D:9      | 8204 ||| INVOKING Heroism.
  8269 | D:9      | Found Koab's Antique Armour Emporium.
  8280 | D:9      | 8280 ||| BUYING glowing robe (129 gold).
  8280 | D:9      | Bought a glowing robe for 129 gold pieces
  8280 | D:9      | 8280 ||| BUYING jasper-encrusted leather armour (245 gold).
  8280 | D:9      | Bought a jasper-encrusted leather armour for 245 gold
                  | pieces
  8280 | D:9      | Identified the +2 leather armour "Icsyij" {rC+ rCorr} (You
                  | bought it in a shop on level 9 of the Dungeon)
  8358 | D:9      | 8358 ||| INVOKING Heroism.
  8360 | D:9      | Noticed a wolf spider
  8364 | D:9      | Killed a wolf spider
  8503 | D:9      | 8503 ||| DROPPING +2 robe of cold resistance.
  8504 | D:9      | 8504 ||| UPGRADING to +2 leather armour "Icsyij" {rC+
                  | rCorr}.
  8514 | D:9      | 8514 ||| DROPPING ring of resist corrosion.
  8515 | D:9      | 8515 ||| UPGRADING to +6 ring of strength.
  8517 | D:9      | 8517 ||| DRINKING 2 viscous brown potions.
  8518 | D:9      | 8518 ||| DROPPING potion of degeneration.
  8542 | D:10     | Entered Level 10 of the Dungeon
  8558 | D:10     | 8558 ||| INVOKING Heroism.
  8660 | D:10     | Found a staircase to the Lair.
  8763 | D:10     | 8763 ||| FLEEEEING.
  8764 | D:10     | 8764 ||| FLEEEEING.
  8765 | D:10     | 8765 ||| FLEEEEING.
  8776 | D:10     | 8776 ||| INVOKING Heroism.
  8799 | D:10     | Found a white marble altar of Elyvilon.
  8831 | D:10     | Reached skill level 6 in Invocations
  8834 | D:10     | Reached skill level 14 in Ranged Weapons
  8862 | D:10     | 8862 ||| INVOKING Heroism.
  9115 | D:10     | Found a blossoming altar of Fedhas.
  9420 | D:10     | 9420 ||| PLANNING LAIR
  9445 | Lair:1   | Entered Level 1 of the Lair of Beasts
  9446 | Lair:1   | 9446 ||| INVOKING Heroism.
  9536 | Lair:1   | 9536 ||| INVOKING Heroism.
  9552 | Lair:1   | Reached XP level 12. HP: 75/76 MP: 15/17
  9552 | Lair:1   | 9552 ||| INVOKING Heroism.
  9788 | Lair:1   | Reached ***** piety under Okawaru
 10258 | Lair:2   | 10258 ||| INVOKING Heroism.
 10264 | Lair:2   | Noticed a death yak
 10265 | Lair:2   | 10265 ||| INVOKING Finesse.
 10274 | Lair:2   | Noticed a death yak
 10277 | Lair:2   | Killed a death yak
 10283 | Lair:2   | Reached skill level 9 in Invocations
 10285 | Lair:2   | Killed a death yak
 10285 | Lair:2   | Received a gift from Okawaru
 10387 | Lair:2   | 10387 ||| INVOKING Heroism.
 10481 | Lair:2   | 10481 ||| INVOKING Heroism.
 10563 | Lair:2   | Noticed an eight-headed hydra
 10564 | Lair:2   | 10564 ||| INVOKING Heroism.
 10568 | Lair:2   | Killed an eight-headed hydra
 10569 | Lair:2   | Reached skill level 15 in Ranged Weapons
 10696 | Lair:2   | Found a hole to the Spider Nest.
 10863 | Lair:2   | Found a staircase to the Shoals.
 10864 | Lair:2   | 10864 ||| INVOKING Heroism.
 11168 | Lair:2   | 11168 ||| DROPPING ring of magical power.
 11169 | Lair:2   | 11169 ||| READING scroll labelled ZUKEIRGHI XIGIO.
 11170 | Lair:2   | 11170 ||| READING scroll labelled JAUHUA MAURAPS.
 11171 | Lair:2   | 11171 ||| READING scroll labelled WUVOSOBIMA.
 11172 | Lair:2   | 11172 ||| DRINKING 2 bubbling green potions.
 11173 | Lair:2   | 11173 ||| DROPPING potion of attraction.
 11278 | Lair:3   | 11278 ||| READING scroll of enchant armour.
 11278 | Lair:3   | 11278 ||| ENCHANTING +0 pair of gloves.
 11425 | Lair:3   | Reached XP level 13. HP: 52/82 MP: 20/20
 11425 | Lair:3   | 11425 ||| INVOKING Heroism.
 11547 | Lair:3   | 11547 ||| INVOKING Heroism.
 11548 | Lair:3   | 11548 ||| INVOKING Finesse.
 11599 | Lair:3   | Found a hide-covered altar of Uskayaw.
 11600 | Lair:3   | Found an ornate altar of the Wu Jian Council.
 12005 | Lair:3   | 12005 ||| UPGRADING to amulet of faith.
 12010 | Lair:3   | 12010 ||| READING 2 scrolls labelled LUUTHIKASO.
 12011 | Lair:3   | 12011 ||| READING 2 scrolls of identify.
 12011 | Lair:3   | 12011 ||| IDENTIFYING grey potion
 12012 | Lair:3   | 12012 ||| DROPPING scroll of vulnerability.
 12092 | Lair:4   | 12092 ||| INVOKING Heroism.
 12095 | Lair:4   | 12095 ||| INVOKING Finesse.
 12102 | Lair:4   | Reached skill level 16 in Ranged Weapons
 12136 | Lair:4   | 12136 ||| INVOKING Heroism.
 12258 | Lair:4   | 12258 ||| INVOKING Heroism.
 12326 | Lair:4   | Identified the +1 cloak of the Okapi {rN+ Str-4 Int+6}
 12509 | Lair:4   | Found a staircase to the Slime Pits.
 12897 | Lair:4   | 12897 ||| UPGRADING to +1 cloak of the Okapi {rN+ Str-4
                  | Int+6}.
 12916 | Lair:5   | Entered Level 5 of the Lair of Beasts
 12925 | Lair:5   | 12925 ||| INVOKING Heroism.
 12957 | Lair:5   | Received a gift from Okawaru
 12965 | Lair:5   | 12965 ||| INVOKING Heroism.
 13030 | Lair:5   | 13030 ||| INVOKING Heroism.
 13116 | Lair:5   | 13116 ||| DROPPING +2 heavy arbalest.
 13145 | Lair:5   | 13145 ||| INVOKING Heroism.
 13146 | Lair:5   | 13146 ||| INVOKING Finesse.
 13225 | Lair:5   | 13225 ||| FLEEEEING.
 13226 | Lair:5   | 13226 ||| FLEEEEING.
 13227 | Lair:5   | 13227 ||| FLEEEEING.
 13228 | Lair:5   | 13228 ||| FLEEEEING.
 13229 | Lair:5   | 13229 ||| FLEEEEING.
 13230 | Lair:5   | 13230 ||| FLEEEEING.
 13231 | Lair:5   | 13231 ||| FLEEEEING.
 13238 | Lair:5   | 13238 ||| INVOKING Heroism.
 13307 | Lair:5   | Reached skill level 17 in Ranged Weapons
 13392 | Lair:5   | 13392 ||| FLEEEEING.
 13393 | Lair:5   | 13393 ||| FLEEEEING.
 13394 | Lair:5   | 13394 ||| FLEEEEING.
 13395 | Lair:5   | 13395 ||| FLEEEEING.
 13396 | Lair:5   | 13396 ||| FLEEEEING.
 13397 | Lair:5   | 13397 ||| FLEEEEING.
 13446 | Lair:5   | 13446 ||| INVOKING Heroism.
 13552 | Lair:5   | Received a gift from Okawaru
 13582 | Lair:5   | Gained mutation: Your large and strong wings let you fly.
                  | [Gargoyle growth]
 13582 | Lair:5   | Reached XP level 14. HP: 90/90 MP: 21/21
 13582 | Lair:5   | 13582 ||| SWAPPING to +2 longbow of electrocution.
 13594 | Lair:5   | Reached skill level 18 in Ranged Weapons
 13594 | Lair:5   | 13594 ||| READING scroll of enchant weapon.
 13594 | Lair:5   | 13594 ||| ENCHANTING +2 longbow of electrocution.
 13597 | Lair:5   | 13597 ||| INVOKING Heroism.
 13598 | Lair:5   | 13598 ||| INVOKING Finesse.
 13627 | Lair:5   | Reached skill level 12 in Fighting
 13629 | Lair:5   | HP: 22/92 [death yak (12)]
 13630 | Lair:5   | 13630 ||| READING 7 scrolls of teleportation.
 13631 | Lair:5   | 13631 ||| DRINKING 5 potions of heal wounds.
 13632 | Lair:5   | 13632 ||| DRINKING 4 potions of heal wounds.
 13633 | Lair:5   | 13633 ||| DRINKING 3 potions of heal wounds.
 13639 | Lair:5   | 13639 ||| FLEEEEING.
 13875 | Lair:5   | Found a broken altar of Ashenzari.
 13876 | Lair:5   | 13876 ||| INVOKING Heroism.
 13877 | Lair:5   | 13877 ||| INVOKING Finesse.
 13928 | Lair:5   | 13928 ||| INVOKING Heroism.
 13935 | Lair:5   | Reached skill level 6 in Armour
 13962 | Lair:5   | Reached skill level 6 in Dodging
 13965 | Lair:5   | 13965 ||| INVOKING Heroism.
 13969 | Lair:5   | HP: 15/92 [death yak (15)]
 13970 | Lair:5   | 13970 ||| READING 6 scrolls of teleportation.
 13970 | Lair:5   | Slain by a death yak

Levels and vault maps discovered:
D:1:      matt_arrival_spirals, layout_loops_ring, feat_on_display
D:2:      layout_basic, basic_altar, nicolae_elevator_lobby_plus
D:3:      layout_loops_cross, kiku_gazebo_pond_becter, lemuel_tele_altar,
          portal_sewer_entry_a, hellmonk_ecumenical_altar_zigzags, uniq_terence,
          uniq_robin, uniq_grinder
D:4:      wander_river, layout_loops_corners,
          mainiacjoe_overflow_concentric_impassable, minmay_fractal_squares_5,
          uniq_edmund, uniq_blork_the_orc, uniq_eustachio, uniq_duvessa
D:5:      layout_cave_pods, gup_ossuary_entry_pyramid, kennysheep_generic_room_3
D:6:      layout_rooms, general_overflow_altar, makhleb_heckhound_becter,
          uniq_sigmund, uniq_crazy_yiuf_cottage
D:7:      layout_basic, grunt_nemelex_the_gamble, minmay_temple_entry_grid,
          dreamdust_gnoll_farm
D:8:      layout_basic, serial_shops, nicolae_stop_n_shop_1, shop,
          minmay_ruffians, uniq_joseph
D:9:      minmay_chopped_fan, layout_cross, orc_0_dummy, serial_shops, shop,
          uniq_psyche
D:10:     layout_basic, fedhas_altar_1, mainiacjoe_overflow_24_doors,
          serial_rivers, chequers_serial_rivers_micro_d,
          chequers_serial_rivers_small_b, chequers_serial_rivers_room_b,
          chequers_serial_rivers_micro_d, chequers_serial_rivers_small_3
Temple:   compressed_dpeg_circular_temple
Lair:1:   layout_hall_layers, serial_bayou_lagoon_b
Lair:2:   layout_loops_ring, elwin_shoals_entry_rooms, spider_nest_entry_a,
          grunt_megastairs_5
Lair:3:   layout_roguey, nzn_masters_of_martial_movement
Lair:4:   layout_gridlike, slime_entry_1, kilobyte_rumbling_trees,
          lemuel_fruit_fields
Lair:5:   evilmike_catoblepas_cave, layout_concentric_octagons,
          lemuel_oklob_altar

Skill      XL: |  1  2  3  4  5  6  7  8  9 10 11 12 13 14 |
---------------+-------------------------------------------+-----
Ranged Weapons | 3 4 6 7 9 11 13 14 15 17 18 | 18.0
Fighting       | 2 4 6 8 9 10 11 12 | 12.0
Armour         | 1 2 3 4 5 6 |  6.0
Dodging        | 2 3 4 5 6 |  6.0
Invocations    | 4 7 10 | 10.0
Spellcasting   | |  1.0
Hexes          | |  2.6

Action                     |  1- 3 |  4- 6 |  7- 9 | 10-12 | 13-15 || total
---------------------------+-------+-------+-------+-------+-------++-------
   Fire: Sling             |   107 |     7 |       |       |       ||   114
         Longbow           |       |    86 |   114 |       |    88 ||   288
         Hand crossbow     |       |       |   155 |   389 |   226 ||   770
 Invoke: Heroism           |       |       |       |    18 |    15 ||    33
         Finesse           |       |       |       |     1 |     5 ||     6
    Use: Scroll            |     6 |     3 |     6 |     6 |     5 ||    26
         Potion            |       |     3 |     4 |     3 |     3 ||    13
 Armour: Robe              |     9 |       |       |       |       ||     9
         Ring mail         |    10 |    25 |    80 |    54 |       ||   169
         Leather armour    |       |       |       |    61 |    99 ||   160
  Dodge: Dodged            |    23 |    26 |   122 |   278 |   212 ||   661

Table legend:
 A = Non-vault XP
 B = Vault XP
 C = Vault XP percentage of total XP
 D = Non-vault monster count
 E = Vault monster count
 F = Vault count percentage of total count
                 A         B        C        D         E       F
            +---------+---------+-------+---------+---------+-------
      Total |   52672 |   12022 |  18.6 |     329 |      96 |  22.6
            +---------+---------+-------+---------+---------+-------
        D:1 |      36 |       0 |   0.0 |      21 |       0 |   0.0
        D:2 |      54 |       0 |   0.0 |      23 |       0 |   0.0
        D:3 |     212 |     370 |  63.6 |      25 |      19 |  43.2
        D:4 |     179 |     716 |  80.0 |       6 |      11 |  64.7
        D:5 |     965 |      20 |   2.0 |      34 |       2 |   5.6
        D:6 |     839 |     273 |  24.6 |      15 |       2 |  11.8
        D:7 |    1115 |      85 |   7.1 |      28 |       4 |  12.5
        D:8 |     920 |    1640 |  64.1 |      15 |       7 |  31.8
        D:9 |     953 |    4569 |  82.7 |      18 |      13 |  41.9
       D:10 |    3523 |       0 |   0.0 |      22 |       0 |   0.0
     Lair:1 |    4495 |       0 |   0.0 |      24 |       0 |   0.0
     Lair:2 |    7220 |     988 |  12.0 |      22 |       5 |  18.5
     Lair:3 |    3952 |     851 |  17.7 |      15 |       1 |   6.2
     Lair:4 |    4060 |     842 |  17.2 |      15 |       7 |  31.8
     Lair:5 |   24149 |    1361 |   5.3 |      46 |       2 |   4.2
      Sewer |       0 |     307 | 100.0 |       0 |      23 | 100.0
            +---------+---------+-------+---------+---------+-------
